 Dungeon Crawl Stone Soup version 0.30-a0-374-g95c0257040 (webtiles) character file.

Game seed: 858889443546469341

102 Zonian the Magician (level 5, -9/35 HPs)
             Began as a Djinni Ice Elementalist on Nov 25, 2022.
             Mangled by a gnoll
             ... wielding a +0 halberd
              (11 damage)
             ... on level 2 of the Dungeon.
             The game lasted 00:04:50 (2509 turns).

Zonian the Magician (Djinni Ice Elementalist)       Turns: 2509, Time: 00:04:54

Health: -9/35      AC:  2    Str:  7    XL:     5   Next: 5%
Gold:   98         EV: 13    Int: 18    God:
                   SH:  0    Dex: 14

rFire   + + .      SeeInvis .    c - +0 rapier
rCold   x . .      Faith    .    (no shield)
rNeg    . . .      Spirit   .    a - +0 robe
rPois   ∞          Reflect  .    (no helmet)
rElec   .          Harm     .    (no cloak)
rCorr   .          Rampage  .    (no gloves)
Will    .....                    (boots unavailable)
Stlth   ++........               (no amulet)
HPRegen 0.25/turn                (no ring)
MPRegen 0.00/turn                (no ring)

@: flying
A: sickness immunity, fire resistance 2, cold vulnerability 1, float, innate
caster, HP casting, extra vitality 1
a: no special abilities


You were on level 2 of the Dungeon.
You visited 1 branch of the dungeon, and saw 2 of its levels.

You collected 98 gold pieces.

Inventory:

Hand Weapons
 c - a +0 rapier (weapon)
Missiles
 j - 4 javelins
Armour
 a - a +0 robe (worn)
Scrolls
 e - 2 scrolls of teleportation {unknown}
 g - a scroll of identify {unknown}
 i - a scroll of fear {unknown}
 k - a scroll of vulnerability {unknown}
 m - a scroll of torment {unknown}
 n - a scroll of silence {unknown}
Potions
 b - 4 potions of heal wounds {unknown}
 d - a potion of magic {unknown}
 f - a potion of might {unknown}
 h - a potion of resistance {unknown}
 l - a potion of haste {unknown}


   Skills:
 + Level 3.5 Dodging
 + Level 2.7 Stealth
 + Level 3.8 Spellcasting


You couldn't memorise any spells.
You knew the following spells:

 Your Spells              Type           Power      Damage    Failure   Level
a - Freeze                Ice            68%        1d8       3%          1
b - Frozen Ramparts       Ice            34%        1d6       10%         3
c - Ozocubu's Armour      Ice            17%        N/A       10%         3
d - Summon Ice Beast      Ice/Summ       17%        N/A       30%         4
e - Kiss of Death         Conj/Necr      68%        2d10      3%          1
f - Call Imp              Summ           17%        N/A       4%          2
Your spell library was empty.

Dungeon Overview and Level Annotations

Branches:
Dungeon (2/15)

Altars:

Shops:
D:2 *


Innate Abilities, Weirdness & Mutations

You are immune to sickness and miasma.
You are immune to poison.
Your flesh is very heat resistant. (rF++)
You are vulnerable to cold. (rC-)
You float through the air rather than walking.
You learn spells naturally, not from books.
Your magical power is your life essence.
You have superior vitality. (+4 MHP)


Message History

Aim: a gnoll, wielding a +0 whip (almost dead)
You freeze the gnoll.
You kill the gnoll!
You have reached level 5!
The power to cast Call Imp wells up from within.
Spell assigned to 'f'.
Unknown command.
Casting: Freeze (safe; 3% risk of failure)
Confirm with . or Enter, or press ? or * to list all spells.
A beastly little devil appears in a puff of flame.
The gnoll closely misses you.
Unknown command.
Casting: Call Imp (safe; 4% risk of failure)
Confirm with . or Enter, or press ? or * to list all spells.
Aiming: Freeze (safe; 3% risk of failure)
Press: ? - help, Shift-Dir - straight line, f - gnoll
Aim: a gnoll, wielding a +0 halberd (ally target)
You freeze the gnoll.
The gnoll is lightly wounded.
The gnoll closely misses you.
Unknown command.
Casting: Freeze (safe; 3% risk of failure)
Confirm with . or Enter, or press ? or * to list all spells.
Aiming: Freeze (safe; 3% risk of failure)
Press: ? - help, Shift-Dir - straight line, f/p - gnoll
Aim: a gnoll, wielding a +0 halberd (lightly wounded, ally target)
You freeze the gnoll.
The gnoll is heavily wounded.
The gnoll hits you with a +0 halberd!
* * * LOW HITPOINT WARNING * * *
Casting: Freeze (safe; 3% risk of failure)
Confirm with . or Enter, or press ? or * to list all spells.
Aiming: Freeze (safe; 3% risk of failure)
Press: ? - help, Shift-Dir - straight line, f/p - gnoll
Aim: a gnoll, wielding a +0 halberd (heavily wounded, ally target)
You freeze the gnoll.
The gnoll is heavily wounded.
* * * LOW HITPOINT WARNING * * *
The gnoll hits you with a +0 halberd!
You die...

#...............# #..#
#...............# #..#
#...............# #..#
#...............# ### #..#
#########..#..#######.# #..#
##....###..)..# #..#
########)........###.# #..#
.........###..####...# ##..#
.>.........@5.####.### #...#
.......<####g......#####.#.#
##########...............#.#
#......########....
#......### #.#.# #........##
#.#.# ###.#.#...#####.#.#
##.).#.##........#.#
###..###.##........#.#


You could see a gnoll (ally target) and a friendly crimson imp (summoned).

Vanquished Creatures
  3 gnolls (D:2)
  2 adders (D:2)
  A worm (D:2)
  2 ball pythons (D:2)
  6 endoplasms
  2 giant cockroaches (D:1)
  7 hobgoblins
  6 jackals (D:1)
  3 kobolds (D:1)
  2 quokkas (D:1)
  5 bats
  3 frilled lizards
  2 goblins (D:1)
  4 rats
48 creatures vanquished.

Notes
Turn   | Place    | Note
-------+----------+-------------------------------------------
     0 | D:1      | Zonian the Djinni Ice Elementalist began the quest for the
                  | Orb.
     0 | D:1      | Zonian set off with the following spells memorised: Freeze,
                  | Frozen Ramparts, Ozocubu's Armour, Summon Ice Beast.
     0 | D:1      | Reached XP level 1. HP: 15/15 MP: 0/0
    62 | D:1      | Reached XP level 2. HP: 9/21 MP: 0/0
   506 | D:1      | Reached XP level 3. HP: 25/25 MP: 0/0
   506 | D:1      | Learned a level 1 spell: Kiss of Death
   658 | D:1      | You are sucked into a shaft and drop 1 floor!
  1036 | D:2      | Reached XP level 4. HP: 18/31 MP: 0/0
  1155 | D:2      | Found Tom Riph's Assorted Antiques.
  2506 | D:2      | Reached XP level 5. HP: 19/35 MP: 0/0
  2506 | D:2      | Learned a level 2 spell: Call Imp
  2509 | D:2      | Mangled by a gnoll

Illustrated notes

Levels and vault maps discovered:
D:1:      evilmike_arrival_crescent, layout_loops_ring
D:2:      layout_rooms, serial_shops, nicolae_shop_statue_plus

Skill      XL: |  1  2  3 |
---------------+----------+-----
Stealth        | 2 |  2.7
Dodging        | 3 |  3.5
Spellcasting   | |  3.8

Action                   |  1- 3 |  4- 6 || total
-------------------------+-------+-------++-------
Melee: Rapier            |    27 |    40 ||    67
 Cast: Freeze            |    32 |    27 ||    59
       Call Imp          |       |     1 ||     1
 Stab: Sleeping          |     1 |     2 ||     3
Armor: Robe              |    13 |     5 ||    18
Dodge: Dodged            |    33 |    53 ||    86

Table legend: (Time is in decaauts)
 A = Elapsed time spent in this place.
 B = Non-inter-level travel time spent in this place.
 C = Inter-level travel time spent in this place.
 D = Time resting spent in this place.
 E = Time spent auto-exploring this place.
 F = Levels seen in this place.
 G = Mean time per level.
                   A        B        C        D        E       F      G
               +--------+--------+--------+--------+--------+-----+--------+
         Total |   2522 |   2466 |     56 |    976 |    990 |   2 | 1261.0 |
       Dungeon |   2522 |   2466 |     56 |    976 |    990 |   2 | 1261.0 |
               +--------+--------+--------+--------+--------+-----+--------+

Top non-repeatable levels by time:
     D:1: 1335 daAuts
     D:2: 1187 daAuts
